 Dungeon Crawl Stone Soup version 0.23.2-40-g277498a001 (webtiles) character file.

Game seed: 1460794117982936379

179 Destapler the Skirmisher (level 5, 0/33 HPs)
             Began as a Gargoyle Earth Elementalist on Sept 9, 2019.
             Slain by a worker ant (5 damage)
             ... on level 2 of the Dungeon.
             The game lasted 00:06:30 (1075 turns).

Destapler the Skirmisher (GrEE)                     Turns: 1075, Time: 00:06:31

Health: 0/33       AC:  6    Str: 12    XL:     5   Next: 59%
Magic:  5/8        EV: 12    Int: 20    God:
Gold:   53         SH:  0    Dex: 10    Spells: 5/9 levels left

rFire    . . .     SeeInvis .   l - +0 hand axe
rCold    . . .     Gourm    .   (no shield)
rNeg     + . .     Faith    .   c - +0 robe
rPois    ∞         Spirit   .   (no helmet)
rElec    +         Reflect  .   (no cloak)
rCorr    .         Harm     .   (no gloves)
MR       .....                  (no boots)
Stlth    ++........             (no amulet)
HPRegen  0.11/turn              e - +4 ring of intelligence
MPRegen  0.11/turn              (no ring)

@: very slightly contaminated
A: negative energy resistance 1, electricity resistance, unbreathing,
petrification resistance, rot immunity, AC +4
a: no special abilities


You were on level 2 of the Dungeon.
You were not hungry.

You visited 1 branch of the dungeon, and saw 2 of its levels.

You collected 53 gold pieces.

Inventory:

Hand Weapons
 l - a +0 hand axe (weapon)
Missiles
 b - 31 stones (quivered)
Armour
 c - a +0 robe (worn)
Jewellery
 e - a +4 ring of intelligence (left hand)
Scrolls
 a - 3 scrolls of identify {unknown}
 h - a scroll of blinking {unknown}
 j - a scroll of immolation {unknown}
Potions
 g - 2 potions of agility {unknown}
 i - 2 potions of curing {unknown}
 k - a potion of degeneration {unknown}
Comestibles
 d - a ration
 f - a chunk of flesh


   Skills:
 + Level 3.7 Fighting
 + Level 1.7 Armour
 - Level 1.5 Dodging
 - Level 2.1 Stealth
 + Level 2.6 Spellcasting
 * Level 2.6 Conjurations
   Level 0.7 Transmutations
 - Level 3.6 Earth Magic


You had 5 spell levels left.
You knew the following spells:

 Your Spells              Type           Power        Failure   Level  Hunger
a - Sandblast             Erth           ###...       3%          1    None
b - Stone Arrow           Conj/Erth      ###...       12%         3    ###....

Your spell library contained the following spells:

 Spells                   Type           Power        Failure   Level  Hunger
 Passwall                 Tmut/Erth      ##......     10%         2    ##.....
 Petrify                  Tmut/Erth      ##......     52%         4    ####...
 Lee's Rapid Deconstruct  Erth           ###.......   67%         5    ######.


Dungeon Overview and Level Annotations

Branches:
Dungeon (2/15)

Altars:
Elyvilon


Innate Abilities, Weirdness & Mutations

You are resistant to torment.
Your stone body is resilient. (AC +4)
You are immune to poison.
You resist negative energy. (rN+)
You are resistant to electric shocks. (rElec)
You can survive without breathing.
You are immune to petrification.
You are immune to rotting.


Message History

Found 12 gold pieces.
Casting: Sandblast (safe; 3% risk of failure)
Confirm with . or Enter, or press ? or * to list all spells.
Aiming: Sandblast (safe; 3% risk of failure)
Press: ? - help, Shift-Dir - straight line, f/p - worker ant
Aim: a worker ant (moderately wounded)
The blast of sand hits the worker ant but does no damage.
The worker ant is moderately wounded.
b - 32 stones The worker ant misses you.
Casting: Sandblast (safe; 3% risk of failure)
Confirm with . or Enter, or press ? or * to list all spells.
Aiming: Sandblast (safe; 3% risk of failure)
Press: ? - help, Shift-Dir - straight line, f/p - worker ant
Aim: a worker ant (moderately wounded)
The blast of sand hits the worker ant.
The worker ant is heavily wounded.
b - 31 stones The worker ant bites you.
You die...

#...........#
##........)..######.
###.......#.##........
#.........#.##........
#....####.#.##........
#....# #.#.##........
#....####.#..+.......$
#....##....###........
#....##....###@####
#....##......a[...#
###....##........$..#
.......##...........#
####...##...........#
##.###....######## #.#
#...)# ## #.# ######
.# #.#


You could see a worker ant.

Vanquished Creatures
  Sigmund (D:2)
  An adder (D:2)
  2 oozes (D:1)
  A giant cockroach (D:2)
  A goblin (D:1)
  2 jackals (D:1)
  A quokka (D:2)
  3 bats
  A frilled lizard (D:1)
  A kobold (D:2)
  A rat (D:1)
15 creatures vanquished.

Notes
Turn   | Place    | Note
-------+----------+-------------------------------------------
     0 | D:1      | Destapler the Gargoyle Earth Elementalist began the quest
                  | for the Orb.
     0 | D:1      | Reached XP level 1. HP: 10/10 MP: 3/3
    84 | D:1      | Reached skill level 1 in Fighting
   419 | D:1      | Reached XP level 2. HP: 17/17 MP: 0/5
   943 | D:2      | Reached XP level 3. HP: 19/23 MP: 4/6
   952 | D:2      | Noticed Sigmund
   959 | D:2      | Learned a level 3 spell: Stone Arrow
   969 | D:2      | Killed Sigmund
   969 | D:2      | Reached skill level 1 in Armour
   969 | D:2      | Reached XP level 4. HP: 12/29 MP: 1/7
   969 | D:2      | Reached XP level 5. HP: 14/33 MP: 1/8
  1037 | D:2      | Found a white marble altar of Elyvilon.
  1075 | D:2      | Slain by a worker ant

Skill      XL: |  1  2  3 |
---------------+----------+-----
Fighting       | 2 3 |  3.7
Armour         | 1 |  1.7
Conjurations   | 2 |  2.6
Dodging        | |  1.5
Stealth        | |  2.1
Spellcasting   | |  2.6
Transmutations | |  0.7
Earth Magic    | |  3.6

Action                   |  1- 3 |  4- 6 || total
-------------------------+-------+-------++-------
Melee: Unarmed           |    60 |       ||    60
       Hand axe          |    15 |     8 ||    23
 Cast: Sandblast         |    20 |     6 ||    26
 Stab: Sleeping          |     1 |       ||     1
  Eat: Chunk             |       |     1 ||     1
Armor: Robe              |    36 |     2 ||    38
Dodge: Dodged            |    89 |    14 ||   103
